 Dungeon Crawl Stone Soup version 0.27-a0-223-ge082b6e869 (webtiles) character file.

Game seed: 6892230498162626823

0 puppykicker the Vexing (level 1, -15/14 HPs)
             Began as a Vampire Arcane Marksman on Feb 2, 2021.
             Killed by an exploding a ball python (28 damage)
             ... exploding inner flame
             ... on level 1 of the Dungeon.
             The game lasted 00:01:08 (156 turns).

puppykicker the Vexing (Vampire Arcane Marksman)     Turns: 156, Time: 00:01:09

Health: -15/14     AC:  2    Str:  9    XL:     1   Next: 0%
Magic:  2/2        EV: 12    Int: 15    God:
Gold:   25         SH:  0    Dex: 14    Spells: 1/2 levels left

rFire    . . .     SeeInvis +   b - +0 mace (curse)
rCold    . . .     Faith    .   (no shield)
rNeg     . . .     Spirit   .   e - +0 robe
rPois    .         Reflect  .   (no helmet)
rElec    .         Harm     .   (no cloak)
rCorr    .         Rampage  .   (no gloves)
Will     .....                  (no boots)
Stlth    +.........             (no amulet)
HPRegen  0.24/turn              (no ring)
MPRegen  0.08/turn              (no ring)

@: regenerating quickly
A: fangs 3, see invisible, unbreathing
a: Exsanguinate


You were on level 1 of the Dungeon.
You visited 1 branch of the dungeon, and saw 1 of its levels.

You collected 25 gold pieces.

Inventory:

Hand Weapons
 a - a +0 hand crossbow
 b - a cursed +0 mace (weapon)
Missiles
 Q - 20 bolts
Armour
 e - a +0 robe (worn)


   Skills:
 + Level 0.8 Fighting
 + Level 1.5 Crossbows
 + Level 0.0 Armour
 + Level 2.1 Dodging
 + Level 0.0 Stealth
 + Level 1.0 Spellcasting
 + Level 4.4 Hexes


You had one spell level left.
You knew the following spells:

 Your Spells              Type           Power        Failure   Level
v - Corona                Hex            14%          4%          1

Your spell library contained the following spells:

 Spells                   Type           Power        Failure   Level
 Slow                     Hex            13%          6%          2
 Inner Flame              Hex/Fire       7%           30%         3
 Portal Projectile        Hex/Tloc       14%          30%         3
 Cause Fear               Hex            6%           38%         4
 Leda's Liquefaction      Hex/Erth       3%           69%         4


Dungeon Overview and Level Annotations

Branches:
Dungeon (1/15)

Altars:


Innate Abilities, Weirdness & Mutations

Your natural rate of healing is unusually fast.
You have razor-sharp teeth.
You have supernaturally acute eyesight. (SInv)
You can survive without breathing.


Message History

You open the door.
There is an open door here.
A ball python comes into view.
As you read the scroll labelled TEICRYN IFOO, it crumbles to dust.
The creatures around you are filled with an inner flame!
It was a scroll of immolation.
The ball python hisses angrily.
The ball python closely misses you. The ball python grabs you.
The ball python constricts you.
You take 1 damage, and have 13/14 hp.
You closely miss the ball python. The ball python closely misses you.
The ball python constricts you.
The ball python bites you but does no damage.
The ball python constricts you.
You hit the ball python.
The ball python explodes!
The fiery explosion engulfs you!!
Ouch! That really hurt!
You die...

.......#'#P..###.................
...........................##....
...#..P#'#...#....###########....
...#.P##.##♣.#...[####...# #....
..#####...####....##.....####....
..'.#########.....'......#.......
..#.##......#.....##.............
..#....##...#.....####...........
#####..##...#.§§@.# #...........
###..##...#.§§§.# #...........
#...........§§..# ##+##.......
#.#..#..######### #.......
.....##..... #.......
###.#.##.##### #....... #.#.##.#
#....... #.#.##.. #.......
#S#.#### #######


There were no monsters in sight!

Levels and vault maps discovered:
D:1:      sevenhm_arrival_forest_fort_small_4, layout_basic

Notes
Turn   | Place    | Note
-------+----------+-------------------------------------------
     0 | D:1      | puppykicker the Vampire Arcane Marksman began the quest for
                  | the Orb.
     0 | D:1      | Reached XP level 1. HP: 14/14 MP: 2/2
    58 | D:1      | Identified a cursed +0 mace (You found it on level 1 of the
                  | Dungeon)
    59 | D:1      | Identified a scroll of teleportation
    60 | D:1      | Identified a scroll of fear
   140 | D:1      | Identified a scroll of immolation
   156 | D:1      | Killed by an exploding a ball python... exploding inner
                  | flame

Table legend: (Time is in decaauts)
 A = Elapsed time spent in this place.
 B = Non-inter-level travel time spent in this place.
 C = Inter-level travel time spent in this place.
 D = Time resting spent in this place.
 E = Time spent auto-exploring this place.
 F = Levels seen in this place.
 G = Mean time per level.
                   A        B        C        D        E       F      G
               +--------+--------+--------+--------+--------+-----+--------+
         Total |    155 |    155 |      0 |      0 |    123 |   1 |  155.0 |
       Dungeon |    155 |    155 |      0 |      0 |    123 |   1 |  155.0 |
               +--------+--------+--------+--------+--------+-----+--------+

Top non-repeatable levels by time:
     D:1: 155 daAuts

Table legend:
 A = Kills in this place as a percentage of kills in entire the game.
 B = Kills by you in this place as a percentage of kills by you in the entire game.
 C = Kills by friends in this place as a percentage of kills by friends in the entire game.
 D = Other kills in this place as a percentage of other kills in the entire game.
 E = Experience gained in this place as a percentage of experience gained in the entire game.
 F = Experience gained in this place divided by the number of levels of this place that you have seen.
                   A       B       C       D       E      F
               +-------+-------+-------+-------+-------+----------------------
         Total | 100.0 | 100.0 |   N/A |   N/A | 100.0 |   1.0
       Dungeon | 100.0 | 100.0 |   N/A |   N/A | 100.0 |   1.0
               +-------+-------+-------+-------+-------+----------------------

Action                   || total
-------------------------++-------
Melee: Mace              ||     2
  Use: Scroll            ||     3
Armor: Robe              ||     1
Dodge: Dodged            ||     2

Vanquished Creatures
  A ball python (D:1)
1 creature vanquished.
